 Dungeon Crawl Stone Soup version 0.19.1 (webtiles) character file.

977 Lorak the Slasher (level 7, -3/58 HPs)
             Began as a Mummy Fighter on Dec 23, 2016.
             Slain by an ogre
             ... wielding a +0 giant spiked club
              (7 damage)
             ... on level 6 of the Dungeon.
             The game lasted 00:34:43 (7459 turns).

Lorak the Slasher (Mummy Fighter)                   Turns: 7459, Time: 00:34:44

Health: -3/58      AC: 11    Str: 21    XL:     7   Next: 95%
Magic:  7/7        EV:  5    Int:  9    God:
Gold:   275        SH:  9    Dex: 12    Spells: 0 memorised, 6 levels left

rFire  x . .     SeeInvis .     p - +1 falchion (curse)
rCold  + . .     Gourm    +     n - +0 chain mail
rNeg   + + +     Faith    .     c - +0 shield
rPois  ∞         Spirit   .     (no helmet)
rElec  .         Reflect  .     j - +0 cloak
rCorr  .         Harm     .     l - +0 pair of gloves
MR     .....                    (no boots)
Stlth  ..........               e - amulet of the gourmand
                                o - ring of flight
                                i - +2 ring of intelligence

@: about to teleport
A: no food or potions, fire vulnerability, cold resistance 1, negative energy
resistance 3, torment resistance, unbreathing
a: Evoke Flight


You were on level 6 of the Dungeon.
You were not hungry.

You visited 2 branches of the dungeon, and saw 7 of its levels.
You also visited: Sewer.

You collected 275 gold pieces.

Inventory:

Hand Weapons
 a - a +0 long sword
 p - a cursed +1 falchion (weapon)
Armour
 b - a +0 scale mail
 c - a +0 shield (worn)
 j - a +0 cloak (worn)
 l - a +0 pair of gloves (worn)
 n - a +0 chain mail (worn)
Jewellery
 e - an amulet of the gourmand (around neck)
 f - an uncursed ring of teleportation
 i - a +2 ring of intelligence (left hand)
 m - an uncursed ring of wizardry
 o - a ring of flight (right hand)
Scrolls
 d - 4 scrolls of identify
 k - a scroll of random uselessness
 q - a scroll of remove curse
 r - a scroll of teleportation
 s - a scroll of fog
Books
 g - a book of Misfortune

   Spells                             Type                      Level
   a - Confusing Touch                Hexes                        1
   b - Confuse                        Hexes                        3
   c - Gell's Gravitas                Hexes/Translocation          3
   d - Petrify                        Transmutation/Earth          4
   e - Metabolic Englaciation         Hexes/Ice                    5
   f - Yara's Violent Unravelling     Hexes/Transmutation          5
 h - a book of Changes

   Spells                             Type                      Level
   a - Beastly Appendage              Transmutation                1
   b - Sticks to Snakes               Transmutation                2
   c - Spider Form                    Transmutation/Poison         3
   d - Ice Form                       Ice/Transmutation            4
   e - Blade Hands                    Transmutation                5


   Skills:
 + Level 6.0 Fighting
 * Level 6.4 Long Blades
 - Level 2.4 Armour
 - Level 2.4 Shields


You had 6 spell levels left.
You didn't know any spells.

Dungeon Overview and Level Annotations

Branches:
Dungeon (6/15)             Temple (1/1) D:4

Altars:
Cheibriados
Dithmenos
Elyvilon
Fedhas
Hepliaklqana
Kikubaaqudgha
Makhleb
Nemelex Xobeh
Qazlal
Sif Muna
Uskayaw
Xom
Yredelemnul
Zin

Shops:
D:4 (

Annotations:
D:3 Sigmund
D:5 Prince Ribbit


Innate Abilities, Weirdness & Mutations

You do not eat or drink.
Your flesh is vulnerable to fire.
You are immune to poison.
Your flesh is cold resistant. (rC+)
You are immune to negative energy. (rN+++)
You are immune to unholy pain and torment.
You can survive without breathing.


Message History

Moving in this stuff is going to be slow.
The ogre hits you with a giant spiked club!!
* * * LOW HITPOINT WARNING * * *
There is a collapsed entrance here.
You enter the shallow water.
Moving in this stuff is going to be slow.
Things that are here:
a leopard gecko skeleton x3
You see here a leopard gecko skeleton.
You enter the shallow water.
Moving in this stuff is going to be slow.
The ogre barely misses you. You block the ogre's attack.
An orc comes into view.
The orc shouts!
The ogre hits you but does no damage.
As you read the scroll of teleportation, it crumbles to dust.
You feel strangely unstable.
The ogre hits you with a giant spiked club!
You die...

##.#(≈≈≈.≈..≈≈##
#.##≈.≈≈≈≈≈≈..# #
#########..#
##≈≈≈≈≈≈..#
##.÷...≈≈≈##
#.÷≈≈≈≈≈≈##
#..#########
#..≈≈≈≈≈≈.≈##
##≈≈≈O@o≈≈..#####.
#########).......
#..########
#..########
#......)..#
#.#######.#
#.#####.#.#
#.....[<..#
#######.#.#


You could see an ogre and an orc.

Vanquished Creatures
  A centaur (D:5)
  4 scorpions (D:4)
  2 wights (D:6)
  A crimson imp (D:5)
  A hound (D:4)
  A jelly (D:5)
  2 orc wizards (D:4)
  An orc priest (D:6)
  An iguana (D:6)
  2 worker ants (D:4)
  4 gnolls
  13 adders
  5 river rats (Sewer)
  A shadow imp (D:6)
  An ooze (D:2)
  A worm (D:3)
  A dart slug (D:2)
  9 leopard geckos
  13 orcs
  8 giant cockroaches
  10 goblins
  9 hobgoblins
  4 jackals (D:5)
  8 kobolds
  3 quokkas
  5 ball pythons
  20 bats
  11 frilled lizards
  18 rats
  A fungus (D:4)
161 creatures vanquished.

Vanquished Creatures (others)
  A fungus (D:4)
1 creature vanquished.

Grand Total: 162 creatures vanquished

Notes
Turn   | Place    | Note
-------+----------+-------------------------------------------
     0 | D:1      | Lorak the Mummy Fighter began the quest for the Orb.
     0 | D:1      | Reached XP level 1. HP: 18/18 MP: 1/1
   213 | D:1      | Reached XP level 2. HP: 22/24 MP: 2/2
  1052 | D:1      | Reached XP level 3. HP: 29/29 MP: 3/3
  1292 | D:2      | Reached XP level 4. HP: 19/37 MP: 4/4
  1615 | D:2      | Found a faded altar of an unknown god.
  1868 | D:2      | Found a snail-covered altar of Cheibriados.
  2184 | D:2      | Reached XP level 5. HP: 32/42 MP: 5/5
  2769 | D:3      | Found a blossoming altar of Fedhas.
  2936 | D:3      | Noticed Sigmund
  3325 | D:3      | Found a deep blue altar of Sif Muna.
  3537 | D:4      | Found Ideimiad's Antique Weapon Shop.
  3581 | D:4      | Reached XP level 6. HP: 24/49 MP: 6/6
  3983 | D:4      | Found a blossoming altar of Fedhas.
  4208 | D:4      | Reached skill level 5 in Fighting
  4459 | D:4      | Found a staircase to the Ecumenical Temple.
  4466 | Temple   | Entered the Ecumenical Temple
  4913 | D:4      | Reached skill level 5 in Long Blades
  5046 | D:4      | Reached XP level 7. HP: 46/56 MP: 7/7
  5378 | D:5      | Entered Level 5 of the Dungeon
  5386 | D:5      | Found a stormy altar of Qazlal.
  6343 | D:6      | Noticed Prince Ribbit
  6572 | D:6      | Found a glowing drain.
  6599 | Sewer    | Entered a sewer
  7447 | D:6      | HP: 1/58 [ogre/giant spiked club (23)]
  7459 | D:6      | Slain by an ogre

Skill      XL: |  1  2  3  4  5  6  7 |
---------------+----------------------+-----
Long Blades    | 2 3 4 5 6 |  6.4
Fighting       | 4 5 6 |  6.0
Armour         | |  2.4
Shields        | |  2.4

Action                   |  1- 3 |  4- 6 |  7- 9 || total
-------------------------+-------+-------+-------++-------
Melee: Long sword        |   103 |   358 |   108 ||   569
       Falchion          |       |       |   143 ||   143
  Use: Scroll            |     1 |     2 |     6 ||     9
Armor: Scale mail        |    40 |   127 |     1 ||   168
       Chain mail        |       |       |    97 ||    97
Dodge: Dodged            |    35 |   103 |    37 ||   175
Block: Shield            |    45 |   168 |    95 ||   308
       Rpst.: Long sword |    15 |    29 |     1 ||    45
       Falchion          |       |       |     5 ||     5
